 Dungeon Crawl Stone Soup version 0.22-a0-406-g9ff8d77 (webtiles) character file.

49 4thArraOfDagon the Magician (level 3, 0/24 HPs)
             Began as a Mummy Fire Elementalist on May 8, 2018.
             Was a Follower of Vehumet.
             Slain by a hound (2 damage)
             ... on level 4 of the Dungeon.
             The game lasted 00:03:26 (2282 turns).

4thArraOfDagon the Magician (MuFE)                  Turns: 2282, Time: 00:03:27

Health: 0/24       AC:  3    Str: 11    XL:     3   Next: 53%
Magic:  0/7        EV: 12    Int: 15    God:    Vehumet [*.....]
Gold:   165        SH:  0    Dex: 12    Spells: 4/8 levels left

rFire    . . .     SeeInvis .   g - -3 short sword (curse)
rCold    . . .     Gourm    .   (no shield)
rNeg     + + +     Faith    .   a - +0 robe
rPois    ∞         Spirit   .   (no helmet)
rElec    .         Reflect  .   (no cloak)
rCorr    .         Harm     .   (no gloves)
MR       +....                  h - +0 pair of boots
Stlth    ++........             l - amulet of magic regeneration
HPRegen  0.08/turn              i - ring of fire
MPRegen  0.35/turn              f - ring of protection from magic

@: no status effects
A: no food or potions, fire vulnerability, cold resistance 1, negative energy
resistance 3, torment resistance, unbreathing
a: Renounce Religion


You were on level 4 of the Dungeon.
You worshipped Vehumet.
Vehumet was aware of your devotion.
You were not hungry.

You visited 1 branch of the dungeon, and saw 4 of its levels.

You collected 165 gold pieces.

Inventory:

Hand Weapons
 g - a cursed -3 short sword (weapon)
Armour
 a - a +0 robe (worn)
 h - a +0 pair of boots (worn)
Jewellery
 c - an uncursed ring of poison resistance
 f - a ring of protection from magic (right hand)
 i - a ring of fire (left hand)
 l - an amulet of magic regeneration (around neck)
Scrolls
 b - a scroll of remove curse {unknown}
 d - a scroll of immolation
 e - a scroll of magic mapping
 j - a scroll of teleportation {unknown}
 k - a scroll of enchant weapon
 m - a scroll of identify


   Skills:
 - Level 1.5 Dodging
 - Level 1.5 Stealth
 + Level 3.3 Spellcasting
 * Level 1.8 Conjurations
 * Level 3.0 Fire Magic


You had 4 spell levels left.
You knew the following spells:

 Your Spells              Type           Power        Failure   Level  Hunger
a - Flame Tongue          Conj/Fire      ##...        7%          1    N/A
b - Conjure Flame         Conj/Fire      ##......     22%         3    N/A

Dungeon Overview and Level Annotations

Branches:
Dungeon (4/15)
 Temple: D:4-7

Altars:
Ashenzari
Gozag
Vehumet


Innate Abilities, Weirdness & Mutations

You do not eat or drink.
Your flesh is vulnerable to fire.
You are immune to poison.
Your flesh is cold resistant. (rC+)
You are immune to negative energy. (rN+++)
You are immune to unholy pain and torment.
You can survive without breathing.


Message History

Casting: Flame Tongue (safe; 7% risk of failure)
Confirm with . or Enter, or press ? or * to list all spells.
Aiming: Flame Tongue (safe; 7% risk of failure)
Press: ? - help, Shift-Dir - straight line, f/p - hound
Aim: a hound (almost dead)
You feel a surge of power!
The flame tongue hits the hound.
The hound appears unharmed.
The hound is almost dead.
The hound barely misses you.
Unknown command.
Casting: Flame Tongue (safe; 7% risk of failure)
Confirm with . or Enter, or press ? or * to list all spells.
Aiming: Flame Tongue (safe; 7% risk of failure)
Press: ? - help, Shift-Dir - straight line, f/p - hound
Aim: a hound (almost dead)
You feel a surge of power!
The flame tongue misses the hound.
The hound bites you.
* * * LOW HITPOINT WARNING * * *
The hound bites you.
You die...

### #..
#.######
#.#.h@.#
#.#.##)#
####.#.##<#
#....h.####
#....###
#....#
#....#
#....#
.....h#


You could see a hound.

Vanquished Creatures
  An adder (D:3)
  A worm (D:2)
  A dart slug (D:3)
  A leopard gecko (D:1)
  An orc (D:3)
  2 giant cockroaches
  6 goblins
  3 hobgoblins
  3 ball pythons (D:2)
  7 bats
  2 frilled lizards (D:3)
  A kobold (D:3)
  6 rats
35 creatures vanquished.

Notes
Turn   | Place    | Note
-------+----------+-------------------------------------------
     0 | D:1      | 4thArraOfDagon the Mummy Fire Elementalist began the quest for the Orb.
     0 | D:1      | Reached XP level 1. HP: 13/13 MP: 4/4
   244 | D:1      | Reached skill level 1 in Conjurations
   300 | D:1      | nice
   300 | D:1      | ring
   590 | D:2      | Found a radiant altar of Vehumet.
   600 | D:2      | Became a worshipper of Vehumet
   866 | D:1      | 0 exp on d:1
   917 | D:2      | Reached XP level 2. HP: 19/19 MP: 3/5
   993 | D:2      | Found an opulent altar of Gozag.
  1045 | D:2      | nice
  1501 | D:2      | 0 exp on d:2
  1637 | D:3      | Reached XP level 3. HP: 24/24 MP: 0/7
  1643 | D:3      | Learned a level 3 spell: Conjure Flame
  1708 | D:3      | something positive
  1752 | D:3      | Found a shattered altar of Ashenzari.
  2007 | D:3      | Reached * piety under Vehumet
  2007 | D:3      | Offered knowledge of Sting by Vehumet.
  2008 | D:3      | iamserjio: Its challenge now pick worst spec and equip worst stuff is possible :)
  2282 | D:4      | Slain by a hound

Vault maps used:
D:1:      lemuel_arrival_muddy
D:2:      old_standard_altar, grunt_gozag_statues
D:3:      old_standard_altar, first_ration

Skill      XL: |  1  2  3 |
---------------+----------+-----
Conjurations   | 1 |  1.8
Spellcasting   | 3 |  3.3
Fire Magic     | 3 |  3.0
Dodging        | |  1.5
Stealth        | |  1.5

Action                   || total
-------------------------++-------
Melee: Short sword       ||    22
 Cast: Flame Tongue      ||    70
  Use: Scroll            ||     4
Armor: Robe              ||    17
Dodge: Dodged            ||    39

Table legend:
 A = Spawn XP
 B = Non-spawn XP
 C = Spawn XP percentage of total XP
 D = Spawn monster count
 E = Non-spawn monster count
 F = Spawn count percentage of total count
 G = Total turns spent on level
                    A         B        C        D         E        F      G
               +---------+---------+-------+---------+---------+-------+---------
         Total |       0 |      71 |   0.0 |       0 |      35 |   0.0 |  2282
               +---------+---------+-------+---------+---------+-------+---------
           D:1 |       0 |       8 |   0.0 |       0 |       4 |   0.0 |   832
           D:2 |       0 |      24 |   0.0 |       0 |      13 |   0.0 |   799
           D:3 |       0 |      39 |   0.0 |       0 |      18 |   0.0 |   625
               +---------+---------+-------+---------+---------+-------+---------
